Anaheim Ducks vs Vegas Golden Knights
(R1)
Created - Thursday, March 20, 2025 at 08:16
Goals
|
| Anaheim Ducks |
0 |
0 |
2 |
2 |
| Vegas Golden Knights |
1 |
3 |
3 |
7 |
|
Shots
|
| Anaheim Ducks |
10 |
6 |
19 |
35 |
| Vegas Golden Knights |
10 |
18 |
22 |
50 |
|
1st period
1. Vegas Golden Knights , Auston Matthews 27 (Reilly Smith 16, Bryan Rust 26) at 15:57
Penalties :
Marc-Edouard Vlasic (VGK) for Delaying the game (Minor) at 4:25, Shea Theodore (VGK) for Tripping (Minor) at 7:06, John Marino (VGK) for Roughing (Minor) at 19:20
2nd period
2. Vegas Golden Knights , Roman Josi 3 (Sean Monahan 19, Jordan Staal 7) at 2:25
3. Vegas Golden Knights , Johnny Gaudreau 13 (Sean Monahan 20, Tyler Toffoli 13) at 7:28 (PP)
4. Vegas Golden Knights , Auston Matthews 28 (Roman Josi 18) at 8:04
Penalties :
Brayden Schenn (ANA) for Roughing (Minor) at 6:22, Thomas Chabot (VGK) for Delaying the game (Minor) at 10:57, John Marino (VGK) for Roughing (Minor) at 15:39, William Nylander (ANA) for Delaying the game (Minor) at 19:34
3rd period
5. Anaheim Ducks , Mark Scheifele 17 (Morgan Rielly 10, John Tavares 20) at 3:54 (PP)
6. Vegas Golden Knights , Roman Josi 4 (Johnny Gaudreau 10, Semyon Varlamov) at 4:58 (PP)
7. Vegas Golden Knights , Tyler Toffoli 8 (Johnny Gaudreau 11, Sean Monahan 21) at 8:58
8. Vegas Golden Knights , Johnny Gaudreau 14 (John Marino 10, Tyler Toffoli 14) at 10:09
9. Anaheim Ducks , Mark Scheifele 18 (John Tavares 21) at 14:41
Penalties :
Roman Josi (VGK) for Cross-checking (Minor) at 3:31, Mark Scheifele (ANA) for Slashing (Minor) at 4:13, Mark Scheifele (ANA) for Cross-checking (Minor) at 12:31
Goalie Stats
Linus Ullmark (ANA), 43 saves from 50 shots - (0.860), L, 13-10-2, 60:00 minutes
Semyon Varlamov (VGK), 33 saves from 35 shots - (0.943), W, 19-4-1, 60:00 minutes
Players Stats for Anaheim Ducks
Player Name G A P +/- PIM S H SB GA TA FO MP PP MP PK MP
------------------------------------------------------------------------------------
Alex Killorn 0 0 0 -2 0 2 5 0 0 0 0/0 17:17 4:25 1:10
Alexandre Texier 0 0 0 0 0 2 1 1 0 0 1/4 9:41 0:25 1:31
Alexey Toropchenko 0 0 0 0 0 0 0 1 0 0 0/0 6:35 0:00 0:00
Brayden Schenn 0 0 0 -2 2 2 1 0 0 0 1/1 18:56 4:25 2:50
Brenden Dillon 0 0 0 -2 0 0 3 1 0 1 0/0 13:18 0:32 2:19
Chandler Stephenson 0 0 0 -1 0 1 1 0 1 0 4/8 10:17 0:18 1:10
Esa Lindell 0 0 0 -1 0 0 0 1 0 2 0/0 26:18 3:37 3:40
Ivan Provorov 0 0 0 -2 0 3 0 0 0 0 0/0 22:34 3:41 3:30
J.T. Compher 0 0 0 -1 0 2 1 2 1 0 1/6 12:46 0:18 3:39
John Tavares 0 2 2 -1 0 3 2 0 1 0 0/1 23:10 5:28 1:01
Josh Manson 0 0 0 -2 0 2 1 1 0 1 0/0 12:33 0:00 2:06
Joshua Morrissey 0 0 0 0 0 2 4 0 0 4 0/0 24:54 6:41 0:03
Luke Evangelista 0 0 0 0 0 3 0 0 0 0 0/0 6:35 0:00 0:00
Mark Scheifele 2 0 2 -1 4 4 2 2 2 1 20/42 22:12 5:35 0:00
Mason Marchment 0 0 0 -1 0 1 1 0 0 0 0/0 7:59 0:00 0:00
Morgan Rielly 0 1 1 -1 0 3 1 0 1 1 0/0 20:23 6:05 0:00
Nazem Kadri 0 0 0 -2 0 2 3 0 1 0 7/12 16:24 4:25 0:17
William Nylander 0 0 0 -1 2 3 4 2 1 0 1/1 22:14 5:35 0:00
Players Stats for Vegas Golden Knights
Player Name G A P +/- PIM S H SB GA TA FO MP PP MP PK MP
------------------------------------------------------------------------------------
Auston Matthews 2 0 2 2 0 2 0 0 2 0 10/18 15:17 2:27 0:00
Bryan Rust 0 1 1 2 0 7 1 1 0 0 0/0 15:17 2:27 0:00
Cole Smith 0 0 0 -1 0 2 1 0 0 0 0/1 10:16 0:00 4:46
Denis Gurianov 0 0 0 0 0 2 3 0 0 0 1/2 11:45 0:00 0:12
John Marino 0 1 1 1 4 0 2 0 0 0 0/0 19:53 2:50 2:52
Johnny Gaudreau 2 2 4 3 0 5 2 0 2 1 0/1 16:48 3:11 0:00
Jordan Staal 0 1 1 0 0 2 1 0 2 2 1/2 16:45 0:23 5:00
Marc-Edouard Vlasic 0 0 0 0 2 4 1 2 0 0 0/0 15:07 0:00 3:51
Matt Nieto 0 0 0 -1 0 3 1 0 0 0 1/1 10:55 0:11 5:00
Pierre-edouard Bellemare 0 0 0 -1 0 0 0 0 1 0 4/9 10:18 0:00 4:41
Reilly Smith 0 1 1 2 0 0 2 1 1 0 1/1 15:29 2:32 0:00
Roman Josi 2 1 3 3 2 3 0 2 1 1 0/0 22:37 2:50 1:12
Ryan Graves 0 0 0 0 0 1 3 2 0 1 0/0 16:09 0:00 4:53
Sean Couturier 0 0 0 0 0 5 0 1 1 1 7/12 15:53 2:59 0:57
Sean Monahan 0 3 3 3 0 1 1 0 0 0 15/28 16:48 3:11 0:00
Shea Theodore 0 0 0 3 2 3 1 2 0 2 0/0 25:17 2:59 3:42
Thomas Chabot 0 0 0 1 2 2 0 0 0 0 0/0 18:20 0:00 4:06
Tyler Toffoli 1 2 3 3 0 8 0 0 0 0 0/0 16:42 3:05 0:00
3 Stars
1 - Johnny Gaudreau (VGK)
2 - Roman Josi (VGK)
3 - Tyler Toffoli (VGK)
Power Play
Anaheim Ducks - 1 on 5 Attempt(s) - 20.00%
Vegas Golden Knights - 2 on 5 Attempt(s) - 40.00%
Penalty Kill
Anaheim Ducks - 3 on 5 Attempt(s) - 60.00%
- Score 0 goal in Penalty Kill
Vegas Golden Knights - 4 on 5 Attempt(s) - 80.00%
- Score 0 goal in Penalty Kill
Team Stat
Anaheim Ducks - Hits : 30 - Faceoff Wins : 35 - Blocked Shots : 11 - Penalty Minutes : 8
Vegas Golden Knights - Hits : 19 - Faceoff Wins : 40 - Blocked Shots : 11 - Penalty Minutes : 12
Official
Referees : Kelly Sutherland and Chris Rooney
Linesman : Michel Cormier and James Tobias
Game Notes
18:38 of 2nd period - Penalty Shot by Joshua Morrissey for Anaheim Ducks - Shot Misses the Net
3:54 of 3rd period - Anaheim Ducks goal is going for a video replay. After video review, Goal.
Finance
Level 1 -- Attendance: 5497 (91.62%) -- Ticket Income $522,215
Level 2 -- Attendance: 4756 (95.12%) -- Ticket Income $261,580
Level 3 -- Attendance: 2969 (98.97%) -- Ticket Income $89,070
Level 4 -- Attendance: 4901 (98.02%) -- Ticket Income $98,020
Luxury Box -- Attendance: 907 (90.70%) -- Ticket Income $172,330
Game was played at the T-Mobile Arena.
Total Attendance: 19030 (95.15%)
Total Ticket Income: $1,143,215
Other Income: $400,125
Total Income: $1,543,340
Anaheim Ducks
5 vs 5 Forward
Center Left Wing Right Wing Time % Phy DF OF
1 Mark Scheifele John Tavares William Nylander 40 1 2 2
2 Nazem Kadri Brayden Schenn Alex Killorn 30 1 2 2
3 Chandler Stephenson J.T. Compher Mason Marchment 20 1 2 2
4 Alexandre Texier Alexey Toropchenko Luke Evangelista 10 1 2 2
5 vs 5 Defense
Defense Defense Time % Phy DF OF
1 Esa Lindell Joshua Morrissey 40 1 2 2
2 Ivan Provorov Morgan Rielly 35 1 2 2
3 Brenden Dillon Josh Manson 25 1 2 2
4 Esa Lindell Ivan Provorov 0 1 2 2
PowerPlay Forward
Center Left Wing Right Wing Time % Phy DF OF
1 Mark Scheifele John Tavares William Nylander 60 1 1 3
2 Nazem Kadri Brayden Schenn Alex Killorn 40 1 1 3
PowerPlay Defense
Defense Defense Time % Phy DF OF
1 Morgan Rielly Joshua Morrissey 60 1 1 3
2 Ivan Provorov Esa Lindell 40 1 2 2
Penalty Kill 4 Players Forward
Center Wing Time % Phy DF OF
1 J.T. Compher Brayden Schenn 60 1 3 1
2 Chandler Stephenson Alex Killorn 40 1 3 1
Penalty Kill 4 Players Defense
Defense Defense Time % Phy DF OF
1 Esa Lindell Ivan Provorov 60 1 3 1
2 Josh Manson Brenden Dillon 40 1 3 1
Penalty Kill - 3 Players Forward
Forward Time % Phy DF OF
1 J.T. Compher 60 1 4 0
2 Brayden Schenn 40 1 4 0
Penalty Kill - 3 Players Defense
Defense Defense Time % Phy DF OF
1 Esa Lindell Ivan Provorov 60 1 4 0
2 Josh Manson Brenden Dillon 40 1 4 0
4 vs 4 Forward
Center Wing Time % Phy DF OF
1 Mark Scheifele William Nylander 60 1 2 2
2 Nazem Kadri John Tavares 40 1 2 2
4 vs 4 Defense
Defense Defense Time % Phy DF OF
1 Esa Lindell Joshua Morrissey 60 1 2 2
2 Morgan Rielly Ivan Provorov 40 1 2 2
Last Minutes Offensive
Center Left Wing Right Wing Defense Defense
Mark Scheifele John Tavares William Nylander Joshua Morrissey Morgan Rielly
Last Minutes Defensive
Center Left Wing Right Wing Defense Defense
J.T. Compher Alex Killorn Brayden Schenn Ivan Provorov Esa Lindell
Goaltenders
Starting : Linus Ullmark
Backup : James Reimer
Extra Forwards
Normal : William Nylander, Mark Scheifele, John Tavares - PP : William Nylander, Mark Scheifele - PK : J.T. Compher
Extra Defensemen
Normal : Esa Lindell, Morgan Rielly, Brenden Dillon - PP : Joshua Morrissey - PK : Esa Lindell, Ivan Provorov
Penalty Shots
Alexandre Texier, Brenden Dillon, Mark Scheifele, John Tavares, Brayden Schenn
Scratches
Jakob Chychrun (Healthy)
Vegas Golden Knights
5 vs 5 Forward
Center Left Wing Right Wing Time % Phy DF OF
1 Auston Matthews Bryan Rust Reilly Smith 30 1 2 2
2 Sean Monahan Johnny Gaudreau Tyler Toffoli 30 1 2 2
3 Sean Couturier Jordan Staal Denis Gurianov 25 1 2 2
4 Pierre-edouard Bellemare Cole Smith Matt Nieto 15 1 2 2
5 vs 5 Defense
Defense Defense Time % Phy DF OF
1 Roman Josi Shea Theodore 30 1 2 2
2 Thomas Chabot John Marino 30 1 2 2
3 Marc-Edouard Vlasic Ryan Graves 25 1 2 2
4 Shea Theodore Roman Josi 15 1 2 2
PowerPlay Forward
Center Left Wing Right Wing Time % Phy DF OF
1 Auston Matthews Bryan Rust Reilly Smith 50 1 2 2
2 Sean Monahan Johnny Gaudreau Tyler Toffoli 50 1 2 2
PowerPlay Defense
Defense Defense Time % Phy DF OF
1 Sean Couturier Shea Theodore 50 1 2 2
2 John Marino Roman Josi 50 1 2 2
Penalty Kill 4 Players Forward
Center Wing Time % Phy DF OF
1 Jordan Staal Matt Nieto 50 1 2 2
2 Pierre-edouard Bellemare Cole Smith 50 1 2 2
Penalty Kill 4 Players Defense
Defense Defense Time % Phy DF OF
1 Marc-Edouard Vlasic Thomas Chabot 50 1 2 2
2 Ryan Graves John Marino 50 1 2 2
Penalty Kill - 3 Players Forward
Forward Time % Phy DF OF
1 Jordan Staal 50 1 2 2
2 Pierre-edouard Bellemare 50 1 2 2
Penalty Kill - 3 Players Defense
Defense Defense Time % Phy DF OF
1 Marc-Edouard Vlasic Thomas Chabot 50 1 2 2
2 Ryan Graves John Marino 50 1 2 2
4 vs 4 Forward
Center Wing Time % Phy DF OF
1 Auston Matthews Bryan Rust 50 1 2 2
2 Sean Monahan Tyler Toffoli 50 1 2 2
4 vs 4 Defense
Defense Defense Time % Phy DF OF
1 Roman Josi Shea Theodore 50 1 2 2
2 Thomas Chabot John Marino 50 1 2 2
Last Minutes Offensive
Center Left Wing Right Wing Defense Defense
Auston Matthews Bryan Rust Sean Monahan Roman Josi Shea Theodore
Last Minutes Defensive
Center Left Wing Right Wing Defense Defense
Jordan Staal Pierre-edouard Bellemare Matt Nieto Marc-Edouard Vlasic Thomas Chabot
Goaltenders
Starting : Semyon Varlamov
Backup : Cayden Primeau
Extra Forwards
Normal : Sean Monahan, Auston Matthews, Bryan Rust - PP : Jordan Staal, Matt Nieto - PK : Sean Couturier
Extra Defensemen
Normal : John Marino, Roman Josi, Shea Theodore - PP : John Marino - PK : Shea Theodore, Roman Josi
Penalty Shots
Auston Matthews, Bryan Rust, Sean Monahan, Tyler Toffoli, Sean Couturier
Scratches
Travis Hamonic (Healthy), Danton Heinen (Healthy)
% Time on Ice - Anaheim Ducks
Lines # - Real PCT - Wanted PCT - Time Play
Normal Forward
1 - 39% - 40% - 16:55
2 - 28% - 30% - 12:24
3 - 18% - 20% - 7:59
4 - 15% - 10% - 6:35
Normal Defense
1 - 41% - 40% - 18:10
2 - 36% - 35% - 15:51
3 - 21% - 25% - 9:20
4 - 1% - 0% - 0:32
PP Forward
1 - 56% - 60% - 5:45
2 - 44% - 40% - 4:33
PP Defense
1 - 65% - 60% - 6:41
2 - 35% - 40% - 3:37
PK Forward
1 - 80% - 60% - 4:39
2 - 20% - 40% - 1:10
PK Defense
1 - 64% - 60% - 3:43
2 - 36% - 40% - 2:06
PK3 Forward
1 - 0% - 60%
2 - 0% - 40%
PK3 Defense
1 - 0% - 60%
2 - 0% - 40%
44 Forward
1 - 0% - 60%
2 - 0% - 40%
44 Defense
1 - 0% - 60%
2 - 0% - 40%
Last Minute Offensive - 0:00
Last Minute Defensive - 0:00
Total
Forward - 60:00
Defense - 60:00
|
% Time on Ice - Vegas Golden Knights
Lines # - Real PCT - Wanted PCT - Time Play
Normal Forward
1 - 31% - 30% - 13:26
2 - 31% - 30% - 13:44
3 - 26% - 25% - 11:13
4 - 13% - 15% - 5:30
Normal Defense
1 - 31% - 30% - 13:44
2 - 33% - 30% - 14:21
3 - 25% - 25% - 10:55
4 - 11% - 15% - 4:53
PP Forward
1 - 45% - 50% - 2:38
2 - 55% - 50% - 3:11
PP Defense
1 - 51% - 50% - 2:59
2 - 49% - 50% - 2:50
PK Forward
1 - 52% - 50% - 5:19
2 - 48% - 50% - 4:59
PK Defense
1 - 50% - 50% - 5:06
2 - 50% - 50% - 5:12
PK3 Forward
1 - 0% - 50%
2 - 0% - 50%
PK3 Defense
1 - 0% - 50%
2 - 0% - 50%
44 Forward
1 - 0% - 50%
2 - 0% - 50%
44 Defense
1 - 0% - 50%
2 - 0% - 50%
Last Minute Offensive - 0:00
Last Minute Defensive - 0:00
Total
Forward - 60:00
Defense - 60:00
|
Play-by-Play
1st period
0:01 of 1st period - Mark Scheifele wins face-off versus Auston Matthews in neutral zone.
0:49 of 1st period - John Marino is hit by Joshua Morrissey and loses puck.
0:56 of 1st period - Denis Gurianov is hit by Joshua Morrissey and loses puck.
1:11 of 1st period - Snap shot by Alexandre Texier.
1:11 of 1st period - Stopped by Semyon Varlamov with a rebound.
1:50 of 1st period - Off-side.
1:51 of 1st period - Sean Monahan wins face-off versus Nazem Kadri in neutral zone.
1:54 of 1st period - Morgan Rielly is hit by Shea Theodore and loses puck.
2:01 of 1st period - Snap shot by Sean Monahan.
2:01 of 1st period - Shot Misses the Net.
2:03 of 1st period - Slapshot by Shea Theodore.
2:03 of 1st period - Stopped by Linus Ullmark without a rebound.
2:04 of 1st period - Mark Scheifele wins face-off versus Sean Couturier in Anaheim Ducks zone.
2:37 of 1st period - Wrist shot by Tyler Toffoli.
2:37 of 1st period - Shot Misses the Net.
2:49 of 1st period - Snap shot by William Nylander.
2:49 of 1st period - Shot Misses the Net.
2:55 of 1st period - Snap shot by John Tavares.
2:55 of 1st period - Shot Misses the Net.
2:57 of 1st period - Backhand shot by Josh Manson.
2:57 of 1st period - Stopped by Semyon Varlamov with a rebound.
2:59 of 1st period - Slapshot by Josh Manson.
2:59 of 1st period - Deflect By Mark Scheifele.
2:59 of 1st period - Stopped by Semyon Varlamov without a rebound.
3:00 of 1st period - Nazem Kadri wins face-off versus Auston Matthews in Vegas Golden Knights zone.
3:27 of 1st period - Chandler Stephenson is hit by Cole Smith and loses puck.
3:56 of 1st period - Ivan Provorov is hit by Denis Gurianov and loses puck.
4:07 of 1st period - Snap shot by Tyler Toffoli.
4:07 of 1st period - Shot Misses the Net.
4:25 of 1st period - Minor Penalty to Marc-Edouard Vlasic for Delaying the game.
4:26 of 1st period - Mark Scheifele wins face-off versus Jordan Staal in Vegas Golden Knights zone.
6:25 of 1st period - Penalty to Marc-Edouard Vlasic is over, Marc-Edouard Vlasic is back on ice.
6:36 of 1st period - Bryan Rust is hit by J.T. Compher and loses puck.
6:43 of 1st period - Esa Lindell is hit by Reilly Smith.
7:06 of 1st period - Minor Penalty to Shea Theodore for Tripping.
7:07 of 1st period - Nazem Kadri wins face-off versus Pierre-edouard Bellemare in Vegas Golden Knights zone.
8:23 of 1st period - Pierre-edouard Bellemare is hit by Alex Killorn and loses puck.
9:06 of 1st period - Penalty to Shea Theodore is over, Shea Theodore is back on ice.
9:18 of 1st period - Wrist shot by Bryan Rust.
9:18 of 1st period - Stopped by Linus Ullmark without a rebound.
9:19 of 1st period - Auston Matthews wins face-off versus Chandler Stephenson in Anaheim Ducks zone.
9:20 of 1st period - Slapshot by Bryan Rust.
9:20 of 1st period - Stopped by Linus Ullmark without a rebound.
9:21 of 1st period - Mark Scheifele wins face-off versus Auston Matthews in Anaheim Ducks zone.
9:28 of 1st period - Roman Josi is hit by Brenden Dillon and loses puck.
9:46 of 1st period - Shea Theodore is hit by Brenden Dillon and loses puck.
10:06 of 1st period - Off-side.
10:07 of 1st period - Sean Couturier wins face-off versus Alexandre Texier in neutral zone.
10:21 of 1st period - Snap shot by Jordan Staal.
10:21 of 1st period - Shot Blocked by Esa Lindell.
10:23 of 1st period - Snap shot by Jordan Staal.
10:23 of 1st period - Shot Blocked by Alexey Toropchenko.
10:33 of 1st period - Sean Monahan is hit by Joshua Morrissey and loses puck.
12:07 of 1st period - Snap shot by Tyler Toffoli.
12:07 of 1st period - Stopped by Linus Ullmark with a rebound.
13:05 of 1st period - Slapshot by William Nylander.
13:05 of 1st period - Stopped by Semyon Varlamov with a rebound.
13:07 of 1st period - Snap shot by Josh Manson.
13:07 of 1st period - Deflect By John Tavares.
13:07 of 1st period - Shot Misses the Net.
13:07 of 1st period - Puck is out of play.
13:08 of 1st period - Pierre-edouard Bellemare wins face-off versus John Tavares in Vegas Golden Knights zone.
13:08 of 1st period - Pierre-edouard Bellemare is hit by Mark Scheifele.
13:16 of 1st period - William Nylander is hit by Marc-Edouard Vlasic and loses puck.
13:33 of 1st period - Marc-Edouard Vlasic is hit by Alex Killorn.
13:37 of 1st period - Snap shot by Nazem Kadri.
13:37 of 1st period - Stopped by Semyon Varlamov with a rebound.
13:39 of 1st period - Slapshot by Morgan Rielly.
13:39 of 1st period - Shot Blocked by Marc-Edouard Vlasic.
13:41 of 1st period - Slapshot by Morgan Rielly.
13:41 of 1st period - Deflect By Ryan Graves.
13:41 of 1st period - Stopped by Semyon Varlamov with a rebound.
13:43 of 1st period - Wrist shot by Brayden Schenn.
13:43 of 1st period - Stopped by Semyon Varlamov without a rebound.
13:44 of 1st period - Mark Scheifele wins face-off versus Sean Monahan in Vegas Golden Knights zone.
13:47 of 1st period - Snap shot by Mark Scheifele.
13:47 of 1st period - Stopped by Semyon Varlamov without a rebound.
13:48 of 1st period - Mark Scheifele wins face-off versus Sean Monahan in Vegas Golden Knights zone.
14:32 of 1st period - Icing by Joshua Morrissey.
14:33 of 1st period - Chandler Stephenson wins face-off versus Sean Couturier in Anaheim Ducks zone.
14:45 of 1st period - Icing by Esa Lindell.
14:46 of 1st period - Chandler Stephenson wins face-off versus Sean Monahan in Anaheim Ducks zone.
15:47 of 1st period - Off-side.
15:48 of 1st period - Mark Scheifele wins face-off versus Auston Matthews in neutral zone.
15:51 of 1st period - Wrist shot by William Nylander.
15:51 of 1st period - Shot Blocked by Reilly Smith.
15:57 of 1st period - Snap shot by Auston Matthews.
15:57 of 1st period - Goal by Auston Matthews - Anaheim Ducks : 0 - Vegas Golden Knights : 1.
15:58 of 1st period - Sean Couturier wins face-off versus Mark Scheifele in neutral zone.
16:05 of 1st period - Snap shot by Sean Couturier.
16:05 of 1st period - Stopped by Linus Ullmark without a rebound.
16:06 of 1st period - Sean Couturier wins face-off versus Mark Scheifele in Anaheim Ducks zone.
16:09 of 1st period - Snap shot by Jordan Staal.
16:09 of 1st period - Stopped by Linus Ullmark without a rebound.
16:10 of 1st period - Sean Monahan wins face-off versus Mark Scheifele in Anaheim Ducks zone.
16:13 of 1st period - Wrist shot by Tyler Toffoli.
16:13 of 1st period - Stopped by Linus Ullmark without a rebound.
16:14 of 1st period - Sean Monahan wins face-off versus Mark Scheifele in Anaheim Ducks zone.
16:15 of 1st period - Snap shot by Tyler Toffoli.
16:15 of 1st period - Stopped by Linus Ullmark with a rebound.
17:26 of 1st period - Josh Manson is hit by Reilly Smith and loses puck.
17:41 of 1st period - Jordan Staal is hit by William Nylander and loses puck.
18:08 of 1st period - Tyler Toffoli is hit by Nazem Kadri and loses puck.
18:29 of 1st period - Shea Theodore is hit by Brenden Dillon and loses puck.
18:46 of 1st period - Snap shot by Sean Couturier.
18:46 of 1st period - Shot Misses the Net.
19:20 of 1st period - Minor Penalty to John Marino for Roughing.
19:21 of 1st period - Pierre-edouard Bellemare wins face-off versus Mark Scheifele in Vegas Golden Knights zone.
19:32 of 1st period - Snap shot by Matt Nieto.
19:32 of 1st period - Stopped by Linus Ullmark with a rebound.
19:38 of 1st period - Morgan Rielly is hit by Ryan Graves and loses puck.
19:53 of 1st period - Snap shot by Nazem Kadri.
19:53 of 1st period - Shot Blocked by Ryan Graves.
19:55 of 1st period - Slapshot by Ivan Provorov.
19:55 of 1st period - Stopped by Semyon Varlamov with a rebound.
19:57 of 1st period - Slapshot by Esa Lindell.
19:57 of 1st period - Shot Blocked by Ryan Graves.
19:59 of 1st period - Snap shot by Alex Killorn.
19:59 of 1st period - Stopped by Semyon Varlamov with a rebound.
Goals for this period are 0 for Anaheim Ducks vs 1 for Vegas Golden Knights.
Shots for this period are 10 for Anaheim Ducks vs 10 for Vegas Golden Knights.
2nd period
0:01 of 2nd period - Pierre-edouard Bellemare wins face-off versus Mark Scheifele in neutral zone.
0:04 of 2nd period - Snap shot by Cole Smith.
0:04 of 2nd period - Stopped by Linus Ullmark with a rebound.
0:06 of 2nd period - Wrist shot by Thomas Chabot.
0:06 of 2nd period - Shot Blocked by Mark Scheifele.
0:08 of 2nd period - Slapshot by Pierre-edouard Bellemare.
0:08 of 2nd period - Shot Blocked by William Nylander.
0:10 of 2nd period - Wrist shot by Marc-Edouard Vlasic.
0:10 of 2nd period - Stopped by Linus Ullmark with a rebound.
0:12 of 2nd period - Slapshot by Marc-Edouard Vlasic.
0:12 of 2nd period - Stopped by Linus Ullmark with a rebound.
0:26 of 2nd period - Jordan Staal is hit by Alex Killorn and loses puck.
0:51 of 2nd period - Wrist shot by Pierre-edouard Bellemare.
0:51 of 2nd period - Shot Misses the Net.
1:20 of 2nd period - Penalty to John Marino is over, John Marino is back on ice.
1:26 of 2nd period - Sean Monahan is hit by Mason Marchment and loses puck.
2:23 of 2nd period - Wrist shot by Sean Monahan.
2:23 of 2nd period - Shot Misses the Net.
2:25 of 2nd period - Slapshot by Roman Josi.
2:25 of 2nd period - Deflect By Ivan Provorov.
2:25 of 2nd period - Goal by Roman Josi - Anaheim Ducks : 0 - Vegas Golden Knights : 2.
2:26 of 2nd period - Auston Matthews wins face-off versus Mark Scheifele in neutral zone.
2:26 of 2nd period - Auston Matthews is hit by William Nylander.
2:38 of 2nd period - Snap shot by Bryan Rust.
2:38 of 2nd period - Shot Misses the Net.
2:59 of 2nd period - Jordan Staal is hit by Alex Killorn and loses puck.
3:16 of 2nd period - John Marino is hit by Chandler Stephenson.
3:28 of 2nd period - Luke Evangelista is hit by Ryan Graves.
3:34 of 2nd period - Wrist shot by Luke Evangelista.
3:34 of 2nd period - Stopped by Semyon Varlamov without a rebound.
3:35 of 2nd period - Mark Scheifele wins face-off versus Pierre-edouard Bellemare in Vegas Golden Knights zone.
3:38 of 2nd period - Wrist shot by John Tavares.
3:38 of 2nd period - Shot Blocked by Shea Theodore.
4:00 of 2nd period - Bryan Rust is hit by Nazem Kadri and loses puck.
4:47 of 2nd period - Wrist shot by Pierre-edouard Bellemare.
4:47 of 2nd period - Shot Misses the Net.
4:49 of 2nd period - Slapshot by Marc-Edouard Vlasic.
4:49 of 2nd period - Deflect By Matt Nieto.
4:49 of 2nd period - Stopped by Linus Ullmark with a rebound.
4:51 of 2nd period - Snap shot by Matt Nieto.
4:51 of 2nd period - Shot Blocked by Josh Manson.
4:53 of 2nd period - Slapshot by Ryan Graves.
4:53 of 2nd period - Stopped by Linus Ullmark with a rebound.
4:55 of 2nd period - Slapshot by Marc-Edouard Vlasic.
4:55 of 2nd period - Stopped by Linus Ullmark without a rebound.
4:56 of 2nd period - Sean Monahan wins face-off versus Mark Scheifele in Anaheim Ducks zone.
5:22 of 2nd period - Snap shot by Sean Couturier.
5:22 of 2nd period - Shot Misses the Net.
5:24 of 2nd period - Snap shot by Marc-Edouard Vlasic.
5:24 of 2nd period - Stopped by Linus Ullmark with a rebound.
5:26 of 2nd period - Wrist shot by Jordan Staal.
5:26 of 2nd period - Shot Misses the Net.
6:11 of 2nd period - Icing by Alex Killorn.
6:12 of 2nd period - Auston Matthews wins face-off versus Nazem Kadri in Anaheim Ducks zone.
6:22 of 2nd period - Minor Penalty to Brayden Schenn for Roughing.
6:23 of 2nd period - Reilly Smith wins face-off versus J.T. Compher in Anaheim Ducks zone.
6:25 of 2nd period - Snap shot by Bryan Rust.
6:25 of 2nd period - Shot Blocked by J.T. Compher.
6:35 of 2nd period - Snap shot by Bryan Rust.
6:35 of 2nd period - Shot Misses the Net.
6:54 of 2nd period - Off-side.
6:55 of 2nd period - J.T. Compher wins face-off versus Johnny Gaudreau in neutral zone.
7:26 of 2nd period - Snap shot by Sean Monahan.
7:26 of 2nd period - Shot Misses the Net.
7:28 of 2nd period - Snap shot by Johnny Gaudreau.
7:28 of 2nd period - Goal by Johnny Gaudreau - Anaheim Ducks : 0 - Vegas Golden Knights : 3.
7:29 of 2nd period - Mark Scheifele wins face-off versus Sean Monahan in neutral zone.
7:40 of 2nd period - Slapshot by William Nylander.
7:40 of 2nd period - Shot Misses the Net.
7:42 of 2nd period - Slapshot by John Tavares.
7:42 of 2nd period - Shot Hit the Post.
7:44 of 2nd period - Slapshot by Esa Lindell.
7:44 of 2nd period - Shot Misses the Net.
7:46 of 2nd period - Slapshot by Joshua Morrissey.
7:46 of 2nd period - Stopped by Semyon Varlamov without a rebound.
7:47 of 2nd period - Nazem Kadri wins face-off versus Auston Matthews in Vegas Golden Knights zone.
8:04 of 2nd period - Snap shot by Auston Matthews.
8:04 of 2nd period - Goal by Auston Matthews - Anaheim Ducks : 0 - Vegas Golden Knights : 4.
8:05 of 2nd period - Mark Scheifele wins face-off versus Sean Monahan in neutral zone.
8:41 of 2nd period - Wrist shot by Alex Killorn.
8:41 of 2nd period - Stopped by Semyon Varlamov with a rebound.
9:07 of 2nd period - Brenden Dillon is hit by John Marino and loses puck.
9:11 of 2nd period - Icing by Brenden Dillon.
9:12 of 2nd period - Alexandre Texier wins face-off versus Sean Monahan in Anaheim Ducks zone.
9:49 of 2nd period - Snap shot by Luke Evangelista.
9:49 of 2nd period - Shot Blocked by Roman Josi.
9:51 of 2nd period - Snap shot by Alexandre Texier.
9:51 of 2nd period - Shot Blocked by Roman Josi.
9:53 of 2nd period - Snap shot by Luke Evangelista.
9:53 of 2nd period - Shot Blocked by Shea Theodore.
9:55 of 2nd period - Slapshot by Josh Manson.
9:55 of 2nd period - Shot Blocked by Bryan Rust.
9:57 of 2nd period - Slapshot by Josh Manson.
9:57 of 2nd period - Deflect By Roman Josi.
9:57 of 2nd period - Stopped by Semyon Varlamov without a rebound.
9:58 of 2nd period - Sean Couturier wins face-off versus Mark Scheifele in Vegas Golden Knights zone.
9:58 of 2nd period - Sean Couturier is hit by William Nylander.
10:04 of 2nd period - John Tavares is hit by Denis Gurianov and loses puck.
10:25 of 2nd period - Alex Killorn is hit by Ryan Graves.
10:29 of 2nd period - Tyler Toffoli is hit by Morgan Rielly and loses puck.
10:57 of 2nd period - Minor Penalty to Thomas Chabot for Delaying the game.
10:58 of 2nd period - William Nylander wins face-off versus Pierre-edouard Bellemare in Vegas Golden Knights zone.
11:18 of 2nd period - Slapshot by Matt Nieto.
11:18 of 2nd period - Shot Misses the Net.
12:57 of 2nd period - Penalty to Thomas Chabot is over, Thomas Chabot is back on ice.
13:04 of 2nd period - Icing by Denis Gurianov.
13:05 of 2nd period - Denis Gurianov wins face-off versus Chandler Stephenson in Vegas Golden Knights zone.
13:16 of 2nd period - Slapshot by Sean Couturier.
13:16 of 2nd period - Stopped by Linus Ullmark without a rebound.
13:17 of 2nd period - Mark Scheifele wins face-off versus Sean Monahan in Anaheim Ducks zone.
13:26 of 2nd period - Snap shot by Sean Monahan.
13:26 of 2nd period - Shot Misses the Net.
13:28 of 2nd period - Snap shot by Johnny Gaudreau.
13:28 of 2nd period - Shot Misses the Net.
13:30 of 2nd period - Wrist shot by Tyler Toffoli.
13:30 of 2nd period - Stopped by Linus Ullmark without a rebound.
13:31 of 2nd period - Mark Scheifele wins face-off versus Denis Gurianov in Anaheim Ducks zone.
13:31 of 2nd period - Mark Scheifele is hit by Jordan Staal.
14:19 of 2nd period - Chandler Stephenson is hit by Bryan Rust and loses puck.
15:32 of 2nd period - Snap shot by Luke Evangelista.
15:32 of 2nd period - Stopped by Semyon Varlamov without a rebound.
15:33 of 2nd period - Chandler Stephenson wins face-off versus Sean Monahan in Vegas Golden Knights zone.
15:39 of 2nd period - Minor Penalty to John Marino for Roughing.
15:40 of 2nd period - Mark Scheifele wins face-off versus Pierre-edouard Bellemare in Vegas Golden Knights zone.
16:16 of 2nd period - Snap shot by Morgan Rielly.
16:16 of 2nd period - Shot Misses the Net.
17:39 of 2nd period - Penalty to John Marino is over, John Marino is back on ice.
17:55 of 2nd period - Icing by Bryan Rust.
17:56 of 2nd period - Auston Matthews wins face-off versus Chandler Stephenson in Vegas Golden Knights zone.
18:13 of 2nd period - Wrist shot by Bryan Rust.
18:13 of 2nd period - Shot Misses the Net.
18:25 of 2nd period - Snap shot by Bryan Rust.
18:25 of 2nd period - Stopped by Linus Ullmark without a rebound.
18:26 of 2nd period - Sean Monahan wins face-off versus Alexandre Texier in Anaheim Ducks zone.
18:31 of 2nd period - Slapshot by Sean Monahan.
18:31 of 2nd period - Stopped by Linus Ullmark without a rebound.
18:32 of 2nd period - Sean Monahan wins face-off versus Mark Scheifele in Anaheim Ducks zone.
18:38 of 2nd period - Penalty Shot by Joshua Morrissey for Anaheim Ducks.
18:38 of 2nd period - Wrist shot by Joshua Morrissey.
18:38 of 2nd period - Shot Misses the Net.
18:39 of 2nd period - Sean Monahan wins face-off versus Mark Scheifele in Anaheim Ducks zone.
18:49 of 2nd period - Snap shot by Johnny Gaudreau.
18:49 of 2nd period - Stopped by Linus Ullmark with a rebound.
19:09 of 2nd period - Wrist shot by Nazem Kadri.
19:09 of 2nd period - Deflect By Brayden Schenn.
19:09 of 2nd period - Shot Misses the Net.
19:09 of 2nd period - Puck is out of play.
19:10 of 2nd period - Nazem Kadri wins face-off versus Auston Matthews in Vegas Golden Knights zone.
19:11 of 2nd period - Slapshot by Brayden Schenn.
19:11 of 2nd period - Shot Misses the Net.
19:23 of 2nd period - Snap shot by Bryan Rust.
19:23 of 2nd period - Stopped by Linus Ullmark with a rebound.
19:25 of 2nd period - Snap shot by Bryan Rust.
19:25 of 2nd period - Stopped by Linus Ullmark without a rebound.
19:26 of 2nd period - Sean Couturier wins face-off versus Mark Scheifele in Anaheim Ducks zone.
19:27 of 2nd period - Slapshot by Roman Josi.
19:27 of 2nd period - Deflect By Mark Scheifele.
19:27 of 2nd period - Stopped by Linus Ullmark with a rebound.
19:34 of 2nd period - Minor Penalty to William Nylander for Delaying the game.
19:35 of 2nd period - Auston Matthews wins face-off versus J.T. Compher in Anaheim Ducks zone.
19:47 of 2nd period - Wrist shot by J.T. Compher.
19:47 of 2nd period - Deflect By Auston Matthews.
19:47 of 2nd period - Stopped by Semyon Varlamov with a rebound.
Goals for this period are 0 for Anaheim Ducks vs 3 for Vegas Golden Knights.
Shots for this period are 6 for Anaheim Ducks vs 18 for Vegas Golden Knights.
3rd period
0:01 of 3rd period - Sean Monahan wins face-off versus J.T. Compher in neutral zone.
1:33 of 3rd period - Reilly Smith is hit by Josh Manson and loses puck.
1:34 of 3rd period - Penalty to William Nylander is over, William Nylander is back on ice.
1:56 of 3rd period - Brenden Dillon is hit by Matt Nieto and loses puck.
3:01 of 3rd period - Snap shot by Auston Matthews.
3:01 of 3rd period - Deflect By Denis Gurianov.
3:01 of 3rd period - Stopped by Linus Ullmark with a rebound.
3:16 of 3rd period - Off-side.
3:17 of 3rd period - Chandler Stephenson wins face-off versus Sean Monahan in neutral zone.
3:20 of 3rd period - Snap shot by Chandler Stephenson.
3:20 of 3rd period - Stopped by Semyon Varlamov with a rebound.
3:22 of 3rd period - Slapshot by Morgan Rielly.
3:22 of 3rd period - Stopped by Semyon Varlamov with a rebound.
3:26 of 3rd period - Snap shot by Chandler Stephenson.
3:26 of 3rd period - Shot Misses the Net.
3:28 of 3rd period - Slapshot by Ivan Provorov.
3:28 of 3rd period - Stopped by Semyon Varlamov without a rebound.
3:29 of 3rd period - Auston Matthews wins face-off versus Mark Scheifele in Vegas Golden Knights zone.
3:31 of 3rd period - Minor Penalty to Roman Josi for Cross-checking.
3:32 of 3rd period - Pierre-edouard Bellemare wins face-off versus Mark Scheifele in Vegas Golden Knights zone.
3:42 of 3rd period - Snap shot by William Nylander.
3:42 of 3rd period - Stopped by Semyon Varlamov without a rebound.
3:43 of 3rd period - Matt Nieto wins face-off versus Mark Scheifele in Vegas Golden Knights zone.
3:52 of 3rd period - Slapshot by Morgan Rielly.
3:52 of 3rd period - Shot Misses the Net.
3:54 of 3rd period - Wrist shot by Mark Scheifele.
3:54 of 3rd period - Anaheim Ducks goal is going for a video replay.
3:54 of 3rd period - The goal is good.
3:54 of 3rd period - Goal by Mark Scheifele - Anaheim Ducks : 1 - Vegas Golden Knights : 4.
3:55 of 3rd period - Auston Matthews wins face-off versus Mark Scheifele in neutral zone.
3:58 of 3rd period - Snap shot by Bryan Rust.
3:58 of 3rd period - Stopped by Linus Ullmark with a rebound.
4:13 of 3rd period - Minor Penalty to Mark Scheifele for Slashing.
4:14 of 3rd period - Sean Monahan wins face-off versus J.T. Compher in Anaheim Ducks zone.
4:18 of 3rd period - Snap shot by Johnny Gaudreau.
4:18 of 3rd period - Shot Blocked by J.T. Compher.
4:20 of 3rd period - Snap shot by Johnny Gaudreau.
4:20 of 3rd period - Stopped by Linus Ullmark without a rebound.
4:21 of 3rd period - Sean Monahan wins face-off versus J.T. Compher in Anaheim Ducks zone.
4:58 of 3rd period - Slapshot by Roman Josi.
4:58 of 3rd period - Goal by Roman Josi - Anaheim Ducks : 1 - Vegas Golden Knights : 5.
4:59 of 3rd period - Sean Monahan wins face-off versus Mark Scheifele in neutral zone.
5:01 of 3rd period - Roman Josi is hit by Joshua Morrissey and loses puck.
5:12 of 3rd period - Sean Monahan is hit by William Nylander and loses puck.
5:52 of 3rd period - Snap shot by Luke Evangelista.
5:52 of 3rd period - Stopped by Semyon Varlamov without a rebound.
5:53 of 3rd period - Jordan Staal wins face-off versus Alexandre Texier in Vegas Golden Knights zone.
6:58 of 3rd period - Slapshot by Alexandre Texier.
6:58 of 3rd period - Stopped by Semyon Varlamov without a rebound.
6:59 of 3rd period - Mark Scheifele wins face-off versus Sean Monahan in Vegas Golden Knights zone.
7:26 of 3rd period - Brayden Schenn is hit by John Marino and loses puck.
7:35 of 3rd period - Auston Matthews is hit by Alex Killorn and loses puck.
7:50 of 3rd period - Slapshot by Mason Marchment.
7:50 of 3rd period - Stopped by Semyon Varlamov with a rebound.
7:52 of 3rd period - Slapshot by Brenden Dillon.
7:52 of 3rd period - Deflect By Chandler Stephenson.
7:52 of 3rd period - Shot Blocked by Marc-Edouard Vlasic.
7:52 of 3rd period - Puck is out of play.
7:53 of 3rd period - Sean Monahan wins face-off versus Chandler Stephenson in Vegas Golden Knights zone.
8:02 of 3rd period - Snap shot by Johnny Gaudreau.
8:02 of 3rd period - Shot Blocked by Brenden Dillon.
8:04 of 3rd period - Snap shot by Tyler Toffoli.
8:04 of 3rd period - Shot Misses the Net.
8:06 of 3rd period - Slapshot by Shea Theodore.
8:06 of 3rd period - Stopped by Linus Ullmark without a rebound.
8:07 of 3rd period - Auston Matthews wins face-off versus Mark Scheifele in Anaheim Ducks zone.
8:12 of 3rd period - Slapshot by Auston Matthews.
8:12 of 3rd period - Shot Misses the Net.
8:58 of 3rd period - Snap shot by Tyler Toffoli.
8:58 of 3rd period - Goal by Tyler Toffoli - Anaheim Ducks : 1 - Vegas Golden Knights : 6.
8:59 of 3rd period - Sean Monahan wins face-off versus Mark Scheifele in neutral zone.
9:08 of 3rd period - Slapshot by Thomas Chabot.
9:08 of 3rd period - Stopped by Linus Ullmark without a rebound.
9:09 of 3rd period - Mark Scheifele wins face-off versus Sean Monahan in Anaheim Ducks zone.
9:42 of 3rd period - Mark Scheifele is hit by Sean Monahan and loses puck.
9:49 of 3rd period - Backhand shot by Johnny Gaudreau.
9:49 of 3rd period - Stopped by Linus Ullmark with a rebound.
9:51 of 3rd period - Snap shot by Tyler Toffoli.
9:51 of 3rd period - Stopped by Linus Ullmark with a rebound.
9:53 of 3rd period - Snap shot by Sean Monahan.
9:53 of 3rd period - Shot Blocked by William Nylander.
9:55 of 3rd period - Wrist shot by Tyler Toffoli.
9:55 of 3rd period - Shot Blocked by Mark Scheifele.
9:57 of 3rd period - Slapshot by Thomas Chabot.
9:57 of 3rd period - Stopped by Linus Ullmark with a rebound.
10:05 of 3rd period - Wrist shot by Tyler Toffoli.
10:05 of 3rd period - Stopped by Linus Ullmark with a rebound.
10:09 of 3rd period - Wrist shot by Johnny Gaudreau.
10:09 of 3rd period - Goal by Johnny Gaudreau - Anaheim Ducks : 1 - Vegas Golden Knights : 7.
10:10 of 3rd period - Sean Couturier wins face-off versus Nazem Kadri in neutral zone.
10:17 of 3rd period - Slapshot by Shea Theodore.
10:17 of 3rd period - Deflect By Denis Gurianov.
10:17 of 3rd period - Stopped by Linus Ullmark without a rebound.
10:18 of 3rd period - Nazem Kadri wins face-off versus Sean Couturier in Anaheim Ducks zone.
10:18 of 3rd period - Nazem Kadri is hit by Denis Gurianov.
10:35 of 3rd period - Wrist shot by Brayden Schenn.
10:35 of 3rd period - Shot Misses the Net.
10:37 of 3rd period - Snap shot by Ivan Provorov.
10:37 of 3rd period - Stopped by Semyon Varlamov without a rebound.
10:38 of 3rd period - Auston Matthews wins face-off versus Mark Scheifele in Vegas Golden Knights zone.
11:07 of 3rd period - Slapshot by Brayden Schenn.
11:07 of 3rd period - Stopped by Semyon Varlamov without a rebound.
11:08 of 3rd period - Sean Monahan wins face-off versus Nazem Kadri in Vegas Golden Knights zone.
11:35 of 3rd period - Snap shot by Tyler Toffoli.
11:35 of 3rd period - Stopped by Linus Ullmark without a rebound.
11:36 of 3rd period - Mark Scheifele wins face-off versus Auston Matthews in Anaheim Ducks zone.
11:45 of 3rd period - Wrist shot by William Nylander.
11:45 of 3rd period - Stopped by Semyon Varlamov without a rebound.
11:46 of 3rd period - Auston Matthews wins face-off versus Mark Scheifele in Vegas Golden Knights zone.
11:46 of 3rd period - Auston Matthews is hit by Mark Scheifele.
11:51 of 3rd period - Roman Josi is hit by John Tavares and loses puck.
12:31 of 3rd period - Minor Penalty to Mark Scheifele for Cross-checking.
12:32 of 3rd period - Brayden Schenn wins face-off versus Sean Monahan in Anaheim Ducks zone.
14:26 of 3rd period - Shea Theodore is hit by Alexandre Texier and loses puck.
14:31 of 3rd period - Penalty to Mark Scheifele is over, Mark Scheifele is back on ice.
14:37 of 3rd period - Wrist shot by John Tavares.
14:37 of 3rd period - Stopped by Semyon Varlamov without a rebound.
14:38 of 3rd period - Mark Scheifele wins face-off versus Pierre-edouard Bellemare in Vegas Golden Knights zone.
14:39 of 3rd period - Wrist shot by John Tavares.
14:39 of 3rd period - Stopped by Semyon Varlamov with a rebound.
14:41 of 3rd period - Wrist shot by Mark Scheifele.
14:41 of 3rd period - Goal by Mark Scheifele - Anaheim Ducks : 2 - Vegas Golden Knights : 7.
14:42 of 3rd period - Sean Monahan wins face-off versus Mark Scheifele in neutral zone.
15:00 of 3rd period - Icing by Esa Lindell.
15:01 of 3rd period - Mark Scheifele wins face-off versus Sean Couturier in Anaheim Ducks zone.
15:14 of 3rd period - Snap shot by Sean Couturier.
15:14 of 3rd period - Stopped by Linus Ullmark with a rebound.
15:16 of 3rd period - Slapshot by Jordan Staal.
15:16 of 3rd period - Stopped by Linus Ullmark without a rebound.
15:17 of 3rd period - Nazem Kadri wins face-off versus Sean Monahan in Anaheim Ducks zone.
15:17 of 3rd period - Nazem Kadri is hit by Johnny Gaudreau.
15:23 of 3rd period - Esa Lindell is hit by Johnny Gaudreau and loses puck.
15:44 of 3rd period - John Marino is hit by John Tavares.
15:54 of 3rd period - Slapshot by Thomas Chabot.
15:54 of 3rd period - Deflect By Sean Couturier.
15:54 of 3rd period - Stopped by Linus Ullmark with a rebound.
16:15 of 3rd period - Slapshot by Morgan Rielly.
16:15 of 3rd period - Stopped by Semyon Varlamov with a rebound.
16:17 of 3rd period - Slapshot by J.T. Compher.
16:17 of 3rd period - Shot Misses the Net.
16:29 of 3rd period - Slapshot by Shea Theodore.
16:29 of 3rd period - Shot Blocked by Alexandre Texier.
16:31 of 3rd period - Snap shot by Shea Theodore.
16:31 of 3rd period - Stopped by Linus Ullmark with a rebound.
16:35 of 3rd period - Snap shot by Reilly Smith.
16:35 of 3rd period - Shot Misses the Net.
16:37 of 3rd period - Wrist shot by Bryan Rust.
16:37 of 3rd period - Stopped by Linus Ullmark with a rebound.
17:40 of 3rd period - Snap shot by Chandler Stephenson.
17:40 of 3rd period - Shot Blocked by Sean Couturier.
17:42 of 3rd period - Wrist shot by J.T. Compher.
17:42 of 3rd period - Stopped by Semyon Varlamov with a rebound.
17:44 of 3rd period - Slapshot by Joshua Morrissey.
17:44 of 3rd period - Stopped by Semyon Varlamov without a rebound.
17:45 of 3rd period - Mark Scheifele wins face-off versus Auston Matthews in Vegas Golden Knights zone.
18:12 of 3rd period - Tyler Toffoli is hit by Brayden Schenn.
18:34 of 3rd period - Slapshot by Thomas Chabot.
18:34 of 3rd period - Deflect By Matt Nieto.
18:34 of 3rd period - Stopped by Linus Ullmark with a rebound.
18:36 of 3rd period - Snap shot by Matt Nieto.
18:36 of 3rd period - Shot Misses the Net.
18:38 of 3rd period - Slapshot by Cole Smith.
18:38 of 3rd period - Stopped by Linus Ullmark without a rebound.
18:39 of 3rd period - Mark Scheifele wins face-off versus Cole Smith in Anaheim Ducks zone.
18:46 of 3rd period - Snap shot by John Tavares.
18:46 of 3rd period - Stopped by Semyon Varlamov with a rebound.
19:06 of 3rd period - Slapshot by Roman Josi.
19:06 of 3rd period - Deflect By Cole Smith.
19:06 of 3rd period - Shot Misses the Net.
19:06 of 3rd period - Puck is out of play.
19:07 of 3rd period - Sean Couturier wins face-off versus Nazem Kadri in Anaheim Ducks zone.
19:12 of 3rd period - Wrist shot by Sean Couturier.
19:12 of 3rd period - Stopped by Linus Ullmark without a rebound.
19:13 of 3rd period - Nazem Kadri wins face-off versus Sean Couturier in Anaheim Ducks zone.
19:22 of 3rd period - Snap shot by Nazem Kadri.
19:22 of 3rd period - Stopped by Semyon Varlamov with a rebound.
19:36 of 3rd period - John Marino is hit by Nazem Kadri and loses puck.
Goals for this period are 2 for Anaheim Ducks vs 3 for Vegas Golden Knights.
Shots for this period are 19 for Anaheim Ducks vs 22 for Vegas Golden Knights.
Back to the Top